 Dungeon Crawl Stone Soup version 0.28.0-47-ge53b351184 (webtiles) character file.

Game seed: 8379871543930242989

6424 Iusername the Protected (level 10, -1/94 HPs)
             Began as a Minotaur Fighter on May 6, 2022.
             Was a Priest of the Shining One.
             Slain by a yak (10 damage)
             ... on level 9 of the Dungeon.
             The game lasted 00:16:14 (9037 turns).

Iusername the Protected (Minotaur Fighter)          Turns: 9037, Time: 00:16:44

Health: -1/94      AC: 18    Str: 24    XL:     10   Next: 67%
Magic:  9/9        EV:  7    Int: 11    God:    the Shining One [***...]
Gold:   748        SH:  6    Dex: 11    Spells: 9/9 levels left

rFire   + + .      SeeInvis .   z - +5 war axe (vorpal)
rCold   . . .      Faith    .   b - +0 buckler
rNeg    + . .      Spirit   .   v - +1 plate armour
rPois   .          Reflect  .   G - +1 hat "Ywnoc" {rF++}
rElec   .          Harm     .   (no cloak)
rCorr   .          Rampage  .   j - +0 pair of gloves
Will    +....                   (no boots)
Stlth   ..........              (no amulet)
HPRegen 0.25/turn               m - +6 ring of intelligence
MPRegen 0.11/turn               r - ring of willpower

@: glowing
A: horns 2, retaliatory headbutt
a: Renounce Religion, Divine Shield, Cleansing Flame


You were on level 9 of the Dungeon.
You worshipped the Shining One.
The Shining One was most pleased with you.
You visited 2 branches of the dungeon, and saw 10 of its levels.

You collected 823 gold pieces.
You spent 75 gold pieces at shops.

Inventory:

Hand Weapons
 z - a +5 vorpal war axe (weapon)
Missiles
 k - 3 atropa-tipped darts (quivered)
Armour
 b - a +0 buckler (worn)
 j - a +0 pair of gloves (worn)
 v - a +1 plate armour (worn)
 G - the +1 hat "Ywnoc" (worn) {rF++}
   (You found it on level 7 of the Dungeon)

   rF:        It greatly protects you from fire.
Jewellery
 h - a ring of see invisible
 m - a +6 ring of intelligence (left hand)
 r - a ring of willpower (right hand)
Wands
 a - a wand of mindburst (4)
 y - a wand of flame (35)
 B - a wand of polymorph (8)
Scrolls
 f - 2 scrolls of vulnerability
 l - 2 scrolls of blinking
 q - 4 scrolls of teleportation
 s - a scroll of noise
 u - a scroll of magic mapping
 A - 2 scrolls of amnesia
 C - 2 scrolls of immolation
 D - a scroll of summoning {unknown}
 E - 3 scrolls of identify
Potions
 d - 2 potions of attraction
 e - 2 potions of mutation
 g - a potion of haste
 i - 3 potions of brilliance
 n - 3 potions of heal wounds
 o - a potion of magic {unknown}
 p - 3 potions of degeneration
 t - a potion of lignification {unknown}
 w - a potion of flight {unknown}
 x - 2 potions of curing
Miscellaneous
 c - a lightning rod (4/4)


   Skills:
 + Level 10.4 Fighting
 + Level 10.4 Armour
 + Level 10.4 Shields
 + Level 9.2 Unarmed Combat


You had 9 spell levels left.
You didn't know any spells.
Your spell library contained the following spells:

 Spells                   Type           Power      Damage    Failure   Level
 Sting                    Tmut/Pois      0%         1d3       99%         1
 Ensorcelled Hibernation  Hex/Ice        0%         N/A       100%        2
 Passwall                 Tmut/Erth      0%         N/A       100%        2
 Poisonous Vapours        Pois/Air       0%         N/A       100%        2
 Gell's Gravitas          Tloc           0%         N/A       100%        3
 Swiftness                Air            0%         N/A       100%        3
 Teleport Other           Tloc           0%         N/A       100%        3
 Olgreb's Toxic Radiance  Pois           0%         N/A       100%        4
 Dispersal                Tloc           0%         N/A       100%        6


Dungeon Overview and Level Annotations

Branches:
Dungeon (9/15)             Temple (1/1) D:4
   Lair: D:8-11         Orc: D:9-12

Altars:
Cheibriados
Gozag
Nemelex Xobeh
Qazlal
Ru
Sif Muna
Uskayaw
Vehumet
Xom
Yredelemnul
Zin
The Shining One

Shops:
D:1 (   D:5 *?


Innate Abilities, Weirdness & Mutations

You have a pair of horns on your head.
You reflexively headbutt those who attack you in melee.


Message History

You kill the yak!
You slash the yak! You slash the hound!
You kill the hound!
You slash the hound!
You kill the hound!
You block the yak's attack. x2
Unknown command.
You slash the yak!
The yak is severely wounded.
You hit the yak. The yak gores you! You block the yak's attack.
Unknown command.
You are too injured to fight recklessly!
Unknown command.
You are too injured to fight recklessly!
Unknown command.
You are too injured to fight recklessly!
Unknown command.
You are too injured to fight recklessly!
Unknown command.
Unknown command.
You are too injured to fight recklessly!
Unknown command.
You are too injured to fight recklessly!
You are too injured to fight recklessly!
Unknown command.
Unknown command.
You slash the yak!
The yak is almost dead.
You hit the yak but do no damage. You hit the yak. You block the yak's attack.
The yak gores you!
* * * LOW HITPOINT WARNING * * *
You block the yak's attack.
The yak gores you but does no damage. x2
You hit the yak.
You kill the yak!
You slash the yak! x2; The yak gores you!
* * * LOW HITPOINT WARNING * * *
The yak gores you.
* * * LOW HITPOINT WARNING * * *
The yak gores you!
You die...

..............###
..........<.....##
.................# #
......#.........##.#..
..#.#..##...........#
.#... #?..?#).##.#.
........<....##
#.#.>.......).##
#.........)@)#
......#...#YY(....#
$.....#........#.##
.............#.#
#..!............
...............
...............
.≈.≈S...≈....


You could see 2 yaks and an electric eel.

Vanquished Creatures
  A deep elf pyromancer (D:8)
  An orc sorcerer (D:7)
  A tengu conjurer (D:8)
  A troll (D:9)
  2 wyverns
  A basilisk (D:8)
  2 fire elementals (D:8)
  8 yaks
  A steam dragon (D:8)
  Duvessa (D:4)
  2 orc warriors
  2 sky beasts
  2 black bears
  2 necrophages
  2 wolves (D:9)
  3 centaurs
  The ghost of Icepheonix32 the Chiller, an amateur DsIE (D:3)
  3 phantoms
  Blork the orc (D:4)
  A bullfrog (D:7)
  2 scorpions
  A water moccasin zombie (D:6)
  Dowan (D:4)
  3 wights (D:7)
  A howler monkey (D:7)
  3 bullfrog zombies (D:6)
  A spectral centaur (D:6)
  A jelly (D:5)
  7 hounds
  2 orc priests (D:6)
  A bullfrog skeleton (D:6)
  4 centaur skeletons
  2 centaur zombies
  3 iguanas
  A scorpion zombie (D:5)
  8 orc wizards
  A killer bee zombie (D:6)
  3 howler monkey zombies
  2 howler monkey skeletons (D:6)
  10 adders
  A shadow imp (D:5)
  2 white imps
  An adder skeleton (D:5)
  4 worms
  The ghost of Zeld the Sneak, a weakling DrDe (D:6)
  2 dart slugs
  30 orcs
  6 bats
  9 endoplasms
  3 giant cockroaches
  5 goblins
  6 hobgoblins
  2 jackals (D:1)
  15 kobolds
  7 quokkas
  4 ball pythons
  4 frilled lizards
  7 rats
204 creatures vanquished.

Vanquished Creatures (others)
  A plant (D:4)
  5 withered plants (D:6)
6 creatures vanquished.

Grand Total: 210 creatures vanquished

Notes
Turn   | Place    | Note
-------+----------+-------------------------------------------
     0 | D:1      | Iusername the Minotaur Fighter began the quest for the Orb.
     0 | D:1      | Reached XP level 1. HP: 19/19 MP: 0/0
   114 | D:1      | Found a faded altar of an unknown god.
   182 | D:1      | Reached XP level 2. HP: 9/27 MP: 1/1
  1006 | D:1      | Found Uxeyditu's Weapon Shop.
  1186 | D:1      | Reached XP level 3. HP: 31/33 MP: 2/2
  2100 | D:2      | Reached XP level 4. HP: 41/41 MP: 3/3
  2503 | D:3      | Found a transporter.
  2503 | D:3      | Noticed Icepheonix32's ghost (amateur DsIE)
  2506 | D:3      | Found a transporter.
  2599 | D:3      | Found a hide-covered altar of Uskayaw.
  2615 | D:3      | Found a basalt altar of Yredelemnul.
  2863 | D:3      | Killed Icepheonix32's ghost
  2864 | D:3      | Reached XP level 5. HP: 31/47 MP: 0/4
  3231 | D:4      | Noticed Duvessa
  3241 | D:4      | Noticed Dowan
  3245 | D:4      | Killed Duvessa
  3246 | D:4      | Reached skill level 5 in Fighting
  3246 | D:4      | Reached skill level 5 in Armour
  3246 | D:4      | Reached skill level 5 in Shields
  3246 | D:4      | Reached XP level 6. HP: 31/56 MP: 5/5
  3258 | D:4      | Killed Dowan
  3840 | D:4      | Found a staircase to the Ecumenical Temple.
  3875 | Temple   | Entered the Ecumenical Temple
  3969 | Temple   | Became a worshipper of the Shining One
  4698 | D:4      | Reached XP level 7. HP: 57/62 MP: 6/6
  4781 | D:4      | Noticed Blork the orc
  4791 | D:4      | Killed Blork the orc
  5027 | D:5      | Entered Level 5 of the Dungeon
  5115 | D:5      | Noticed a wyvern
  5119 | D:5      | Killed a wyvern
  5120 | D:5      | Reached skill level 5 in Unarmed Combat
  5526 | D:5      | Found Wizankev's Magic Scroll Shop.
  5526 | D:5      | Reached * piety under the Shining One
  5545 | D:5      | Reached XP level 8. HP: 60/71 MP: 7/7
  5551 | D:5      | Found a basalt altar of Yredelemnul.
  5620 | D:5      | Found Idegoak's Assorted Antiques.
  5821 | D:5      | Bought a scroll of enchant weapon for 75 gold pieces
  6228 | D:6      | Reached ** piety under the Shining One
  6328 | D:6      | Reached XP level 9. HP: 81/81 MP: 8/8
  6336 | D:6      | Found a stormy altar of Qazlal.
  6404 | D:6      | Noticed Zeld's ghost (weakling DrDe)
  6406 | D:6      | Found a runed translucent gate.
  6406 | D:6      | Found a runed translucent gate.
  6406 | D:6      | Found a runed translucent gate.
  6636 | D:6      | Killed Zeld's ghost
  7134 | D:7      | Noticed an orc sorcerer
  7134 | D:7      | Reached *** piety under the Shining One
  7138 | D:7      | Paralysed by an orc sorcerer for 2 turns
  7141 | D:7      | Killed an orc sorcerer
  7424 | D:7      | Found a glowing silver altar of Zin.
  7931 | D:7      | Identified the +1 hat "Ywnoc" {rF++}
  7979 | D:8      | Reached XP level 10. HP: 53/91 MP: 9/9
  8261 | D:8      | Found a flagged portal.
  8291 | D:8      | Identified a scroll of acquirement
  8297 | D:8      | Acquired 385 gold pieces
  8449 | D:8      | Noticed a deep elf pyromancer
  8457 | D:8      | Killed a deep elf pyromancer
  8634 | D:8      | Reached skill level 10 in Armour
  8634 | D:8      | Reached skill level 10 in Shields
  8800 | D:8      | Reached skill level 10 in Fighting
  9037 | D:9      | Slain by a yak

Illustrated notes

Levels and vault maps discovered:
D:1:      minmay_arrival_split_and_join, layout_basic, serial_shops, shop_coins,
          chequers_ecumenical_altar_island, minmay_close_crescents
D:2:      minmay_kobold_bridge, layout_rooms, minmay_liquid_box
D:3:      layout_basic, mainiacjoe_overflow_large_starburst,
          gammafunk_ghost_arena
D:4:      layout_basic, minmay_temple_entry_statues_fountains,
          hangedman_decor_push, corexii_shack, uniq_blork_the_orc, uniq_duvessa
D:5:      layout_loops_ring, serial_shops, nicolae_shop_advertising_works
          [nicolae_subvault_shop_adworks], shop, kennysheep_minor_cross,
          corexii_checkpoint_a, minmay_ruined_shrine
D:6:      layout_loops_ring, mainiacjoe_overflow_brackets,
          gammafunk_ghost_necromancy, serial_undead, serial_undead_c,
          serial_undead_b, serial_undead_b, serial_undead_e
D:7:      cheibrodos_wizards_tower, layout_loops_corners,
          mainiacjoe_overflow_alcove_1
D:8:      layout_rooms, enter_bailey_5, dilly_guarded_unrand_elemental_staff
D:9:      layout_cross, grunt_dithmenos_smoke, nicolae_overflow_hidden_temple,
          erik_lair_island
Temple:   minmay_temple_curvy_branch

Skill      XL: |  1  2  3  4  5  6  7  8  9 10 |
---------------+-------------------------------+-----
Fighting       | 4 5 6 7 9 10 | 10.4
Shields        | 4 5 6 8 9 10 | 10.4
Armour         | 4 5 6 8 9 10 | 10.4
Unarmed Combat | 3 4 5 6 8 9 |  9.2

Action                   |  1- 3 |  4- 6 |  7- 9 | 10-12 || total
-------------------------+-------+-------+-------+-------++-------
Melee: Unarmed           |    20 |       |       |       ||    20
       Hand axe          |    72 |   132 |    60 |       ||   264
       Headbutt          |     7 |    23 |    56 |     5 ||    91
       War axe           |       |       |   145 |    60 ||   205
Evoke: Wand              |       |       |     7 |       ||     7
  Use: Potion            |       |     5 |     1 |       ||     6
       Scroll            |       |       |     8 |    12 ||    20
Armor: Scale mail        |    43 |    23 |       |       ||    66
       Plate armour      |       |    72 |   174 |    83 ||   329
Dodge: Dodged            |    46 |    46 |    78 |    43 ||   213
Block: Buckler           |    24 |    48 |    68 |    43 ||   183
